 Dungeon Crawl Stone Soup version 0.25-b1-41-g19641232cd (webtiles) character file.

Game seed: 13411582928636637474

2715 Jakers the Thaumaturge (level 9, -7/68 HPs)
             Began as a Human Conjurer on June 8, 2020.
             Was a Priest of Vehumet.
             Mangled by an orc warrior
             ... wielding a +0 scimitar
              (23 damage)
             ... on level 7 of the Dungeon.
             The game lasted 00:29:46 (11221 turns).

Jakers the Thaumaturge (Human Conjurer)            Turns: 11221, Time: 00:29:46

Health: -7/68      AC:  7    Str:  9    XL:     9   Next: 98%
Magic:  11/21      EV: 12    Int: 18    God:    Vehumet [***...]
Gold:   432        SH:  0    Dex: 14    Spells: 12/25 levels left

rFire    . . .     SeeInvis .   z - +1 dagger (flame)
rCold    + . .     Gourm    .   (no shield)
rNeg     . . .     Faith    .   a - +0 robe
rPois    .         Spirit   .   x - +2 helmet
rElec    .         Reflect  .   (no cloak)
rCorr    .         Harm     .   w - +0 pair of gloves
MR       .....                  v - +0 pair of boots
Stlth    ++........             (no amulet)
HPRegen  0.21/turn              m - ring of protection from fire
MPRegen  0.17/turn              k - ring of ice

@: no status effects
A: no striking features
a: Renounce Religion


You were on level 7 of the Dungeon.
You worshipped Vehumet.
Vehumet was most pleased with you.
You were not hungry.

You visited 1 branch of the dungeon, and saw 8 of its levels.

You collected 432 gold pieces.

Inventory:

Hand Weapons
 z - a +1 dagger of flaming (weapon)
Missiles
 p - 4 boomerangs (quivered)
 r - 5 datura-tipped darts
Armour
 a - a +0 robe (worn)
 v - a +0 pair of boots (worn)
 w - a +0 pair of gloves (worn)
 x - a +2 helmet (worn)
Jewellery
 k - a ring of ice (right hand)
 m - a ring of protection from fire (left hand)
Wands
 g - a wand of flame (32)
 q - a wand of acid (9)
 s - a wand of random effects (25)
 y - a wand of iceblast (4)
Scrolls
 b - 4 scrolls of remove curse
 e - 2 scrolls of identify
 f - 2 scrolls of enchant armour
 j - 2 scrolls of teleportation
 l - a scroll of magic mapping
 A - a scroll of blinking
Potions
 d - a potion of magic
 h - a potion of flight {unknown}
 i - 2 potions of stabbing {unknown}
 n - 2 potions of curing
 u - a potion of brilliance {unknown}
Comestibles
 c - 7 rations


   Skills:
 - Level 5.3 Fighting
 - Level 2.0 Dodging
 + Level 2.0 Stealth
 - Level 8.7 Spellcasting
 - Level 8.2 Conjurations


You had 12 spell levels left.
You knew the following spells:

 Your Spells              Type           Power        Failure   Level  Hunger
a - Magic Dart            Conj           ####         1%          1    None
b - Searing Ray           Conj           #####.       1%          2    None
c - Fulminant Prism       Conj/Hex       ###.......   4%          4    ###....
d - Iskenderun's Mystic   Conj/Tloc      ###.....     4%          4    ###....
e - Ensorcelled Hibernat  Hex/Ice        ##....       14%         2    None

Your spell library contained the following spells:

 Spells                   Type           Power        Failure   Level  Hunger
 Inner Flame              Hex/Fire       #.......     7%          3    None
 Dazzling Flash           Conj/Hex       ###...       1%          3    None
 Corona                   Hex            #......      9%          1    None
 Confusing Touch          Hex            #.......     26%         3    None
 Tukima's Dance           Hex            #.......     26%         3    None


Dungeon Overview and Level Annotations

Branches:
Dungeon (8/15)             Temple (0/1) D:4
   Lair: D:8-11

Altars:
Ashenzari
Cheibriados
Gozag
Kikubaaqudgha
Ru
Trog
Vehumet
Xom
The Shining One

Shops:
D:5 %

Annotations:
D:6 Pikel


Message History

Your fulminant prism crackles loudly.
You hit the orc warrior. You burn the orc warrior.
The orc warrior is severely wounded.
The orc warrior hits you with a +0 scimitar!!
* * * LOW HITPOINT WARNING * * *
Your fulminant prism explodes!
The blast of energy engulfs the orc warrior!
The orc warrior is almost dead.
You are starving!
You eat one of the 8 rations.
That ration really hit the spot!
The orc warrior hits you with a +0 scimitar!
* * * LOW HITPOINT WARNING * * *
Items here: ) [[ ÷÷ a +0 chain mail; a +0 leather armour; a +0 hand axe; an orc skeleton x2
Items here: ))) [ ÷ †
Items here: ) [[ ÷÷ a +0 chain mail; a +0 leather armour; a +0 hand axe; an orc skeleton x2
Items here: ))) [ ÷ † The orc warrior hits you with a +0 scimitar!!
You die...

≈.≈###...............# #.####
.≈...#.##............# #....#
.....#.###.###.......# #.##.#
...........#####.....# #.##.#
.#.................#.#######.##.#
.#..##.#########.###.........##.#
.......#### #.# ##..########..
..........# #.## #..# ###
##..#####.######@.###..# ##..#
#.......o..##..#
##..#####.(###.....##..#
##.........# #.._..##..####### #
##...####.## #[....##[.......# #
####.## #.# #[.....)>.#####.# #
###...###.# #.#.####### #.####
....#...>.# #...# #.....
###...###.# #.### ######


You could see an orc warrior.

Vanquished Creatures
  2 black bears (D:7)
  A sky beast (D:6)
  A phantom (D:6)
  An ogre (D:7)
  An orc warrior (D:7)
  4 ice beasts
  2 slaves (D:7)
  2 centaurs
  Blork the orc (D:5)
  A big kobold (D:7)
  2 scorpions
  3 wights (D:7)
  4 howler monkeys
  2 electric eels (D:3)
  A crimson imp (D:7)
  A bullfrog zombie (D:5)
  A quasit (D:7)
  3 hounds
  A jelly (D:7)
  A bullfrog skeleton (D:2)
  5 orc priests
  6 orc wizards
  Natasha (twice) (D:2)
  An iguana (D:8)
  3 worker ants
  A killer bee zombie (D:5)
  The ghost of Masnef the Sneak, a weakling SpEn (D:3)
  4 gnolls
  13 adders
  A howler monkey skeleton (D:4)
  A shadow imp (D:6)
  An ooze (D:2)
  2 adder skeletons
  3 worms
  2 dart slugs
  3 leopard geckos
  32 orcs
  5 giant cockroaches
  4 hobgoblins
  15 jackals
  11 kobolds
  2 quokkas
  2 ball pythons (D:3)
  6 bats
  10 frilled lizards
  6 goblins
  A jackal skeleton (D:5)
  A leopard gecko skeleton (D:4)
  8 rats
  A fulminant prism (D:7)
188 creatures vanquished.

Vanquished Creatures (others)
  17 fulminant prisms
17 creatures vanquished.

Grand Total: 205 creatures vanquished

Notes
Turn   | Place    | Note
-------+----------+-------------------------------------------
     0 | D:1      | Jakers the Human Conjurer began the quest for the Orb.
     0 | D:1      | Reached XP level 1. HP: 13/13 MP: 3/3
   443 | D:1      | Reached XP level 2. HP: 11/19 MP: 0/5
   902 | D:1      | Reached XP level 3. HP: 24/24 MP: 0/6
   915 | D:1      | Learned a level 2 spell: Searing Ray
  1295 | D:2      | Reached skill level 5 in Conjurations
  1400 | D:2      | Reached XP level 4. HP: 30/30 MP: 3/7
  1886 | D:2      | Found a snail-covered altar of Cheibriados.
  1930 | D:2      | Reached XP level 5. HP: 5/35 MP: 5/8
  2208 | D:2      | Noticed Natasha
  2217 | D:2      | Killed Natasha
  3301 | D:2      | Found an opulent altar of Gozag.
  3523 | D:3      | Found a radiant altar of Vehumet.
  3539 | D:3      | Became a worshipper of Vehumet
  3771 | D:3      | Found a runed translucent gate.
  3772 | D:3      | Found a runed translucent gate.
  3773 | D:3      | Found a runed translucent gate.
  3775 | D:3      | Noticed Masnef's ghost (weakling SpEn)
  3811 | D:3      | Killed Masnef's ghost
  3811 | D:3      | Reached XP level 6. HP: 38/41 MP: 4/9
  4238 | D:3      | Found a glowing golden altar of the Shining One.
  4345 | D:3      | Found a transporter.
  4546 | D:3      | Found a transporter.
  4662 | D:3      | Reached * piety under Vehumet
  4662 | D:3      | Offered knowledge of Sandblast by Vehumet.
  5099 | D:3      | Found a sacrificial altar of Ru.
  5105 | D:3      | Found a shimmering altar of Xom.
  5253 | D:4      | Found a staircase to the Ecumenical Temple.
  5312 | D:4      | Found a bloodstained altar of Trog.
  5316 | D:4      | Reached XP level 7. HP: 46/46 MP: 7/10
  5754 | D:4      | Reached skill level 1 in Fighting
  6244 | D:5      | Entered Level 5 of the Dungeon
  6257 | D:5      | Found an opulent altar of Gozag.
  6328 | D:5      | Reached XP level 8. HP: 40/60 MP: 0/11
  6606 | D:5      | Reached ** piety under Vehumet
  6621 | D:5      | Offered knowledge of Shock by Vehumet.
  7224 | D:5      | Noticed Blork the orc
  7230 | D:5      | Killed Blork the orc
  7230 | D:5      | Reached skill level 5 in Fighting
  7239 | D:5      | Learned a level 4 spell: Fulminant Prism
  7244 | D:5      | Learned a level 4 spell: Iskenderun's Mystic Blast
  7286 | D:5      | Found a shattered altar of Ashenzari.
  7965 | D:5      | Found Uticuh's Food Shoppe.
  8314 | D:6      | Found an ancient bone altar of Kikubaaqudgha.
  8550 | D:6      | Reached skill level 5 in Spellcasting
  8550 | D:6      | Reached XP level 9. HP: 62/68 MP: 2/16
  8708 | D:6      | Noticed Pikel
  9570 | D:7      | Found a radiant altar of Vehumet.
  9624 | D:7      | Learned a level 2 spell: Ensorcelled Hibernation
  9655 | D:7      | Offered knowledge of Inner Flame by Vehumet.
  9955 | D:7      | Found a sacrificial altar of Ru.
 10538 | D:2      | Noticed Natasha
 10556 | D:2      | Killed Natasha
 10571 | D:2      | Reached *** piety under Vehumet
 11221 | D:7      | Mangled by an orc warrior

Illustrated notes

Levels and vault maps discovered:
D:1:      minmay_arrival_radiant_lines, layout_loops_corners
D:2:      layout_basic, kennysheep_slug_shrine, lemuel_coloured_pillars_altar,
          uniq_natasha
D:3:      gammafunk_steamed_eel, layout_basic, tso_metal_star, vehumet_crystals,
          nicolae_overflow_hidden_temple, ebering_ghost_rock_garden
D:4:      minmay_wonky_spiral, layout_basic, nicolae_overflow_crystal_walls,
          minmay_temple_entry_tees, first_ration, serial_bayou,
          serial_bayou_pond_c, serial_bayou_shore_b, serial_bayou_pond_e,
          serial_bayou_crossing
D:5:      layout_loops_ring, ashenzari_altar_1, serial_shops,
          nicolae_shop_window_shopping,
          nicolae_gozag_cash_rules_everything_around_me, uniq_blork_the_orc
D:6:      layout_basic, marbit_many_paths, minmay_misc_feat_square,
          uniq_menkaure, uniq_pikel
D:7:      layout_loops_ring, basic_altar, nicolae_ru_path_of_blood
D:8:      layout_cave_pools, nicolae_qazlal_eye_of_the_storm

Skill      XL: |  1  2  3  4  5  6  7  8  9 |
---------------+----------------------------+-----
Conjurations   | 5 6 7 8 |  8.2
Fighting       | 3 5 |  5.3
Spellcasting   | 5 8 |  8.7
Dodging        | |  2.0
Stealth        | |  2.0

Action                   |  1- 3 |  4- 6 |  7- 9 || total
-------------------------+-------+-------+-------++-------
Melee: Club              |     4 |       |       ||     4
       Mace              |     9 |   110 |       ||   119
       Falchion          |       |       |    86 ||    86
       Dagger            |       |       |    21 ||    21
Throw: Boomerang         |       |       |     3 ||     3
 Cast: Magic Dart        |    29 |    52 |    68 ||   149
       Searing Ray       |     3 |    13 |    48 ||    64
       Fulminant Prism   |       |       |    18 ||    18
       Iskenderun's Myst |       |       |    12 ||    12
       Ensorcelled Hiber |       |       |     8 ||     8
  Use: Scroll            |       |     8 |     7 ||    15
       Potion            |       |     6 |     1 ||     7
 Stab: Sleeping          |       |     4 |    10 ||    14
  Eat: Chunk             |     2 |    13 |    20 ||    35
       Ration            |       |       |     2 ||     2
Armor: Robe              |     6 |    24 |    60 ||    90
Dodge: Dodged            |    20 |   114 |   174 ||   308
       Rpst.: Falchion   |       |       |    37 ||    37
